 Dungeon Crawl Stone Soup version 0.27-a0-1232-gc6a4cbde82 (webtiles) character file.

Game seed: 2922456439970811042

32 ZappyNine the Ruffian (level 3, -7/36 HPs)
             Began as a Troll Monk on June 8, 2021.
             Killed by divine providence
             ... invoked by an orc priest
              (13 damage)
             ... on level 2 of the Dungeon.
             The game lasted 00:00:50 (681 turns).

ZappyNine the Ruffian (Troll Monk)                   Turns: 681, Time: 00:00:51

Health: -7/36      AC:  4    Str: 20    XL:     3   Next: 8%
Magic:  2/2        EV: 10    Int:  6    God:
Gold:   30         SH:  0    Dex: 12    Spells: 2/2 levels left

rFire    . . .     SeeInvis .     - Unarmed
rCold    . . .     Faith    .   (no shield)
rNeg     . . .     Spirit   .   a - +0 robe
rPois    .         Reflect  .   (helmet restricted)
rElec    .         Harm     .   (no cloak)
rCorr    .         Rampage  .   (gloves unavailable)
Will     .....                  (boots unavailable)
Stlth    ++........             (no amulet)
HPRegen  1.12/turn              (no ring)
MPRegen  0.08/turn              (no ring)

@: no status effects
A: large, unfitting armour, claws 3, regeneration 1, shaggy fur 1, tough skin 1
a: no special abilities


You were on level 2 of the Dungeon.
You visited 1 branch of the dungeon, and saw 2 of its levels.

You collected 30 gold pieces.

Inventory:

Armour
 a - a +0 robe (worn)
Jewellery
 c - an amulet of the acrobat
Scrolls
 b - a scroll of teleportation {unknown}


   Skills:
 + Level 2.9 Fighting
 - Level 2.4 Dodging
 - Level 1.0 Stealth
 * Level 3.8 Unarmed Combat


You had 2 spell levels left.
You didn't know any spells.
Your spell library was empty.

Dungeon Overview and Level Annotations

Branches:
Dungeon (2/15)

Altars:


Innate Abilities, Weirdness & Mutations

You are too large for most types of armour.
You have claws for hands.
Your natural rate of healing is unusually fast.
You are covered in fur. (AC +1)
You have tough skin. (AC +1)


Message History

An orc priest comes into view. It is wielding a +0 whip.
You see here 8 gold pieces.
An orc priest is nearby!
An orc priest is nearby!
The orc priest shouts!
An orc comes into view. It is wielding a +0 club.
An orc priest comes into view. It is wielding a +0 war axe.
The orc priest invokes the aid of Beogh against you.
Beogh smites you!
You hear a shout! x2; The orc shouts!
The orc priest closely misses you.
You closely miss the orc priest.
An orc comes into view.
It is wielding a +0 dagger and wearing a +0 leather armour of fire resistance.
The orc priest hits you with a +0 whip.
You claw the orc priest!
The orc priest is heavily wounded.
The orc priest miscasts a cantrip.
Unknown command.
You barely miss the orc priest.
The orc priest is heavily wounded.
The orc priest misses you.
Unknown command.
You barely miss the orc priest.
The orc priest is heavily wounded.
The orc priest hits you but does no damage.
The orc priest hits you with a +0 whip.
An orc comes into view. It is wielding a +0 mace.
Unknown command.
Unknown command.
You scratch the orc priest but do no damage.
The orc priest is heavily wounded.
The orc priest invokes the aid of Beogh against you.
Beogh smites you!
* * * LOW HITPOINT WARNING * * *
The orc priest hits you with a +0 whip.
* * * LOW HITPOINT WARNING * * *
Unknown command.
The orc priest mumbles some strange prayers to Beogh against you.
Beogh smites you!
You die...

... .. .. # .# .##
#. #. ..#
.##.##.###o.#####
#.......#.oo......#
.........o.o......#
.........@.........
#.................#
#.................#
#.......$.........#
#...........†.....#
#...............####
#.....).#†.........#
....#..####....##..
.....#. #.)..$#


You could see 2 orc priests and 3 orcs.

Vanquished Creatures
  A worm (D:2)
  4 endoplasms
  3 giant cockroaches
  3 goblins (D:1)
  2 hobgoblins (D:1)
  2 jackals (D:2)
  4 kobolds
  2 quokkas (D:1)
  A ball python (D:1)
  A frilled lizard (D:1)
  3 rats (D:1)
26 creatures vanquished.

Notes
Turn   | Place    | Note
-------+----------+-------------------------------------------
     0 | D:1      | ZappyNine the Troll Monk began the quest for the Orb.
     0 | D:1      | Reached XP level 1. HP: 22/22 MP: 0/0
   212 | D:1      | Reached XP level 2. HP: 29/29 MP: 1/1
   595 | D:1      | You fall into a shaft and drop 1 floor!
   652 | D:2      | Reached XP level 3. HP: 27/36 MP: 2/2
   681 | D:2      | Killed from afar by an orc priest

Illustrated notes

Levels and vault maps discovered:
D:1:      shiori_shiawase, layout_basic, serial_bayou_pond_e
D:2:      layout_rooms, hellmonk_ecumenical_altar_heavens_door, uniq_natasha

Action                   || total
-------------------------++-------
Melee: Unarmed           ||    52
       Punch             ||     1
 Stab: Sleeping          ||     4
Armor: Robe              ||    12
Dodge: Dodged            ||    14

Table legend: (Time is in decaauts)
 A = Elapsed time spent in this place.
 B = Non-inter-level travel time spent in this place.
 C = Inter-level travel time spent in this place.
 D = Time resting spent in this place.
 E = Time spent auto-exploring this place.
 F = Levels seen in this place.
 G = Mean time per level.
                   A        B        C        D        E       F      G
               +--------+--------+--------+--------+--------+-----+--------+
         Total |    684 |    684 |      0 |      0 |    546 |   2 |  342.0 |
       Dungeon |    684 |    684 |      0 |      0 |    546 |   2 |  342.0 |
               +--------+--------+--------+--------+--------+-----+--------+

Top non-repeatable levels by time:
     D:1: 599 daAuts
     D:2: 84 daAuts
